 Dungeon Crawl Stone Soup version 0.23-a0-419-g0174fd8 (webtiles) character file.

420 JeffiDaFish the Grave Robber (level 6, -9/32 HPs)
             Began as a Deep Elf Necromancer on Nov 11, 2018.
             Killed by divine providence
             ... invoked by an orc priest
              (15 damage)
             ... on level 4 of the Dungeon.
             The game lasted 00:10:31 (3691 turns).

JeffiDaFish the Grave Robber (Deep Elf Necromancer) Turns: 3691, Time: 00:10:32

Health: -9/32      AC:  7    Str:  6    XL:     6   Next: 62%
Magic:  18/25      EV: 15    Int: 21    God:
Gold:   203        SH:  0    Dex: 15    Spells: 11/15 levels left

rFire    . . .     SeeInvis .   e - +1 dagger
rCold    . . .     Gourm    .   (no shield)
rNeg     . . .     Faith    .   a - +1 robe
rPois    .         Spirit   .   (no helmet)
rElec    .         Reflect  .   (no cloak)
rCorr    .         Harm     .   g - +0 pair of gloves
MR       +....                  n - +0 pair of boots
Stlth    ++........             (no amulet)
HPRegen  0.10/turn              b - ring of magical power
MPRegen  0.19/turn              (no ring)

@: no status effects
A: slimy green scales 1, magic resistance 1, mutation resistance 1
a: no special abilities


You were on level 4 of the Dungeon.
You were not hungry.

You visited 1 branch of the dungeon, and saw 4 of its levels.

You collected 203 gold pieces.

Inventory:

Hand Weapons
 e - a +1 dagger (weapon)
Armour
 a - a +1 robe (worn)
 g - a +0 pair of gloves (worn)
 n - a +0 pair of boots (worn)
Jewellery
 b - a ring of magical power (left hand)
 d - a +4 ring of dexterity {unknown}
Wands
 j - a wand of polymorph (4)
Scrolls
 h - a scroll of magic mapping
 l - a scroll of remove curse
 m - 2 scrolls of teleportation
 o - a scroll of amnesia
 p - 2 scrolls of enchant armour
Potions
 f - a potion of flight
 i - a potion of heal wounds
 k - a potion of curing
Comestibles
 c - 7 rations
 q - a chunk of flesh


   Skills:
 + Level 4.7 Dodging
 - Level 2.4 Stealth
 + Level 5.4 Spellcasting
 * Level 7.6 Necromancy


You had 11 spell levels left.
You knew the following spells:

 Your Spells              Type           Power        Failure   Level  Hunger
a - Pain                  Necr           ####         1%          1    None
b - Vampiric Draining     Necr           #####.....   1%          3    ##.....

Your spell library contained the following spells:

 Spells                   Type           Power        Failure   Level  Hunger
 Animate Skeleton         Necr           N/A          1%          1    None
 Animate Dead             Necr           N/A          4%          4    ####...
 Regeneration             Chrm/Necr      ###.......   6%          3    ##.....


Dungeon Overview and Level Annotations

Branches:
Dungeon (4/15)
 Temple: D:4-7

Altars:
Yredelemnul

Annotations:
D:4 3 runed doors


Innate Abilities, Weirdness & Mutations

You are partially covered in slimy green scales. (AC +2)
You are resistant to hostile enchantments. (MR+)
You are somewhat resistant to further mutation.


Message History

The orc wizard writhes in agony!
The orc shouts!
The orc wizard mumbles some strange words.
The orc wizard flickers and vanishes!
Deactivating autopickup; reactivate with Ctrl-A.
An orc priest comes into view.
It is wielding a +2 short sword of speed.
Casting: Pain (safe; 1% risk of failure)
Confirm with . or Enter, or press ? or * to list all spells.
Aiming: Pain (safe; 1% risk of failure)
Press: ? - help, Shift-Dir - straight line, f - adder
Aim: an adder (chance to defeat MR: 89%)
The adder writhes in agony!
The orc priest shouts!
An orc priest comes into view.
A puff of flame appears from out of thin air!
The puff of flame hits you!
* * * LOW HITPOINT WARNING * * *
The orc priest invokes the aid of Beogh against you.
Beogh smites you!
You die...

....# .)..#
o.# ....# .o#
....# #....
.o.. ....#
#.... o....
....# #....
##.... ....#
#.... ##...# #
....#
#....##..###..
....#
#....#@S##....
....#
#......##....#
....#
#......#....#
....#
#....#.#....#
....#
#....#รท+...##
....#
#....#.+...#
....#
#......+...#
....#
#......#...##
....#
#......#....#


You could see an orc priest, an adder and an orc.

Vanquished Creatures
  A scorpion (D:4)
  An orc priest (D:4)
  2 orc wizards (D:4)
  Terence (D:2)
  Natasha (thrice) (D:3)
  A worker ant (D:4)
  4 adders
  6 oozes
  2 worms
  2 dart slugs
  3 leopard geckos
  7 orcs
  A ball python (D:2)
  4 giant cockroaches
  9 goblins
  7 hobgoblins
  2 jackals (D:2)
  9 kobolds
  2 quokkas (D:3)
  A ball python skeleton (D:4)
  12 bats
  2 frilled lizards
  6 rats
88 creatures vanquished.

Notes
Turn   | Place    | Note
-------+----------+-------------------------------------------
     0 | D:1      | JeffiDaFish the Deep Elf Necromancer began the quest for
                  | the Orb.
     0 | D:1      | Reached XP level 1. HP: 10/10 MP: 6/6
   206 | D:1      | Reached skill level 5 in Necromancy
   265 | D:1      | Reached XP level 2. HP: 2/15 MP: 7/8
   642 | D:1      | Reached XP level 3. HP: 2/19 MP: 10/10
  1314 | D:1      | Learned a level 3 spell: Vampiric Draining
  1536 | D:2      | Reached XP level 4. HP: 18/24 MP: 12/12
  1558 | D:2      | Found a basalt altar of Yredelemnul.
  1618 | D:2      | Noticed Terence
  1625 | D:2      | Killed Terence
  1625 | D:2      | Reached skill level 6 in Necromancy
  1628 | D:2      | Gained mutation: You are partially covered in slimy green
                  | scales. (AC +2) [potion of mutation]
  1628 | D:2      | Gained mutation: You are resistant to hostile enchantments.
                  | (MR+) [potion of mutation]
  1628 | D:2      | Gained mutation: You are somewhat resistant to further
                  | mutation. [potion of mutation]
  2535 | D:3      | Reached XP level 5. HP: 21/28 MP: 13/13
  2944 | D:3      | Noticed Natasha
  2950 | D:3      | Killed Natasha
  3128 | D:3      | Noticed Natasha
  3160 | D:3      | Killed Natasha
  3177 | D:3      | Noticed Natasha
  3185 | D:3      | Killed Natasha
  3185 | D:3      | Reached skill level 7 in Necromancy
  3376 | D:4      | Reached skill level 5 in Spellcasting
  3376 | D:4      | Reached XP level 6. HP: 11/32 MP: 11/15
  3661 | D:4      | Found a runed gate.
  3662 | D:4      | Found a runed gate.
  3663 | D:4      | Found a runed gate.
  3691 | D:4      | Killed from afar by an orc priest

Vault maps used:
D:1:      dpeg_arrival_prison
D:2:      minmay_door_path, yredelemnul_altar_generic, minmay_heptomino_l4,
          uniq_terence
D:3:      columned_hall_lemuel, uniq_natasha
D:4:      gammafunk_ghost_icy

Skill      XL: |  1  2  3  4  5 |
---------------+----------------+-----
Necromancy     | 5 6 7 |  7.6
Dodging        | 3 4 |  4.7
Spellcasting   | 4 5 |  5.4
Stealth        | |  2.4

Action                   |  1- 3 |  4- 6 || total
-------------------------+-------+-------++-------
Melee: Unarmed           |     1 |       ||     1
       Dagger            |    10 |    38 ||    48
 Cast: Pain              |    66 |    97 ||   163
       Vampiric Draining |     3 |    14 ||    17
  Use: Scroll            |     6 |     3 ||     9
       Potion            |     4 |     3 ||     7
 Stab: Sleeping          |       |     4 ||     4
  Eat: Chunk             |     2 |     7 ||     9
Armor: Robe              |    12 |    16 ||    28
Dodge: Dodged            |    34 |    49 ||    83

Table legend:
 A = Non-vault XP
 B = Vault XP
 C = Vault XP percentage of total XP
 D = Non-vault monster count
 E = Vault monster count
 F = Vault count percentage of total count
                 A         B        C        D         E       F
            +---------+---------+-------+---------+---------+-------
      Total |     520 |      80 |  13.3 |      80 |       8 |   9.1
            +---------+---------+-------+---------+---------+-------
        D:1 |      50 |       4 |   7.4 |      21 |       2 |   8.7
        D:2 |      88 |      41 |  31.8 |      27 |       5 |  15.6
        D:3 |     133 |      35 |  20.8 |      22 |       1 |   4.3
        D:4 |     249 |       0 |   0.0 |      10 |       0 |   0.0
            +---------+---------+-------+---------+---------+-------
